 Dungeon Crawl Stone Soup version 0.25-a0-589-g1e14c54 (webtiles) character file.

Game seed: 7557766207444460481, levelgen mode: deterministic

201473 relicbr the Devastator (level 18, 0/98 HPs)
             Began as a Deep Elf Earth Elementalist on Mar 10, 2020.
             Was the Champion of Vehumet.
             Slain by Aizul (14 damage)
             ... on level 2 of the Snake Pit.
             The game lasted 02:18:05 (42820 turns).

relicbr the Devastator (DEEE)                      Turns: 42820, Time: 02:18:07

Health: 0/98       AC: 21    Str: 14    XL:     18   Next: 30%
Magic:  3/42       EV: 22    Int: 32    God:    Vehumet [******]
Gold:   842        SH:  6    Dex: 10    Spells: 17/53 levels left

rFire    + + .     SeeInvis +   a - +3 short sword of Biarest {flame, rC+ Int+2 SInv}
rCold    + . .     Gourm    .   u - +2 buckler {AC+3}
rNeg     . . .     Faith    .   Q - +3 steam dragon scales
rPois    +         Spirit   .   I - +2 helmet {SInv}
rElec    +         Reflect  .   j - +1 cloak
rCorr    .         Harm     .   O - +2 pair of gloves "Omaoci Ugobo" {rElec Str+7 Dex-5}
MR       +....                  c - +0 pair of boots
Stlth    ++........             n - amulet of the Aged Allies {+Rage +Fly rF+ Int+3 Slay-6}
HPRegen  0.26/turn              r - +5 ring of evasion
MPRegen  0.28/turn              x - ring of poison resistance

@: lethally poisoned (0 -> -11), studying Axes
A: fire resistance 1
a: Renounce Religion, Evoke Berserk Rage, Evoke Flight


You were on level 2 of the Snake Pit.
You worshipped Vehumet.
Vehumet was exalted by your worship.
You were hungry.

You visited 7 branches of the dungeon, and saw 30 of its levels.
You also visited: Ice Cave.

You collected 2987 gold pieces.
You spent 2145 gold pieces at shops.

Inventory:

Hand Weapons
 a - the +3 short sword of Biarest (weapon) {flame, rC+ Int+2 SInv}
   (You found it on level 2 of the Orcish Mines)

   It has been specially enchanted to burn those struck by it, causing extra
   injury to most foes and up to half again as much damage against particularly
   susceptible opponents.
   It affects your intelligence (+2).
   It protects you from cold.
   It lets you see invisible.
 b - the +7 captain's cutlass {speed, disarm}
   (You found it on level 14 of the Dungeon)

   Attacks with this weapon are significantly faster.
Missiles
 E - 287 stones (quivered)
Armour
 c - a +0 pair of boots (worn)
 j - a +1 cloak (worn)
 u - a +2 buckler of protection (worn)
 I - a +2 helmet of see invisible (worn)
 O - the +2 pair of gloves "Omaoci Ugobo" (worn) {rElec Str+7 Dex-5}
   (You found it on level 4 of the Lair of Beasts)

   It affects your strength (+7).
   It affects your dexterity (-5).
   It insulates you from electricity.
 Q - +3 steam dragon scales (worn)
Jewellery
 e - an uncursed ring of protection from cold
 n - the amulet of the Aged Allies (around neck) {+Rage +Fly rF+ Int+3 Slay-6}
   (You found it on level 4 of the Lair of Beasts)

   [amulet of rage]

   It affects your intelligence (+3).
   It affects your accuracy and damage with ranged weapons and melee attacks
   (-6).
   It protects you from fire.
   It lets you fly.
   It lets you go berserk.
 r - a +5 ring of evasion (left hand)
 x - a ring of poison resistance (right hand)
 K - an uncursed ring of fire
 P - an uncursed ring of resist corrosion
Wands
 f - a wand of clouds (3)
 h - a wand of paralysis (2)
 o - a wand of iceblast (37)
 p - a wand of disintegration (30)
 N - a wand of acid (21)
Scrolls
 i - a scroll of identify
 k - 3 scrolls of fear
 y - 7 scrolls of remove curse
 G - 3 scrolls of magic mapping
 J - 7 scrolls of teleportation
Potions
 g - a potion of might {unknown}
 q - 11 potions of curing
 L - a potion of heal wounds
 U - 3 potions of haste
Books
 S - a manual of Axes
Comestibles
 d - 37 rations


   Skills:
 - Level 6.1 Fighting
 - Level 4.2 Armour
 - Level 10.6 Dodging
 - Level 2.4 Stealth
 - Level 4.2 Shields
 - Level 18.2 Spellcasting
 * Level 19.0 Conjurations
   Level 1.1 Transmutations
 * Level 17.4 Fire Magic
 - Level 10.0 Earth Magic


You had 17 spell levels left.
You knew the following spells:

 Your Spells              Type           Power        Failure   Level  Hunger
a - Sandblast             Erth           ######       0%          1    None
b - Stone Arrow           Conj/Erth      ######       0%          3    None
c - Lee's Rapid Deconstr  Erth           #######...   1%          5    None
d - Fireball              Conj/Fire      #######...   0%          5    None
e - Orb of Destruction    Conj           ########..   1%          7    ###....
f - Summon Butterflies    Summ           ####....     1%          1    None
g - Iron Shot             Conj/Erth      #######...   1%          6    None
h - Ignition              Fire           #######...   1%          8    #####..

Your spell library contained the following spells:

 Spells                   Type           Power        Failure   Level  Hunger
 Spellforged Servitor     Conj/Summ      ######....   6%          7    ###....
 Apportation              Tloc           ####..       1%          1    None
 Infusion                 Chrm           ####         1%          1    None
 Passwall                 Tmut/Erth      ######..     1%          2    None
 Shroud of Golubria       Chrm/Tloc      ####..       1%          2    None
 Song of Slaying          Chrm           ####....     1%          2    None
 Swiftness                Chrm/Air       ####....     1%          2    None
 Ignite Poison            Fire/Tmut/Pois ######..     1%          3    None
 Inner Flame              Hex/Fire       ######..     1%          3    None
 Petrify                  Tmut/Erth      ######..     1%          4    None
 Starburst                Conj/Fire      #######...   1%          6    None
 Confusing Touch          Hex            ####....     4%          3    None
 Gell's Gravitas          Tloc           ####......   4%          3    None
 Lesser Beckoning         Tloc           ####......   4%          3    None
 Ozocubu's Armour         Chrm/Ice       ####....     4%          3    None
 Spectral Weapon          Hex/Chrm       ####....     4%          3    None
 Tukima's Dance           Hex            ####....     4%          3    None
 Freezing Cloud           Conj/Ice/Air   ######....   4%          6    None
 Yara's Violent Unravell  Hex/Tmut       ####......   8%          5    None
 Ice Form                 Ice/Tmut       ####....     11%         4    None
 Cause Fear               Hex            ####......   13%         4    None
 Passage of Golubria      Tloc           N/A          13%         4    None
 Alistair's Intoxication  Tmut/Pois      ####....     28%         5    None
 Ring of Flames           Chrm/Fire      ######....   30%         7    ###....
 Metabolic Englaciation   Hex/Ice        ####......   36%         5    None
 Ozocubu's Refrigeration  Ice            ####......   45%         6    None
 Darkness                 Hex            ####......   90%         6    None
 Invisibility             Hex            ####....     90%         6    None
 Simulacrum               Ice/Necr       ####......   90%         6    None


Dungeon Overview and Level Annotations

Branches:
Dungeon (15/15)            Temple (1/1) D:4            Lair (6/6) D:8
  Swamp (3/4) Lair:3        Snake (2/4) Lair:3        Slime (1/5) Lair:5
    Orc (2/2) D:10            Elf (0/3) Orc:2        Vaults (0/5) D:14
 Depths (0/5) D:15          IceCv (visited)

Altars:
Ashenzari
Cheibriados
Dithmenos
Elyvilon
Fedhas
Gozag
Hepliaklqana
Kikubaaqudgha
Makhleb
Nemelex Xobeh
Okawaru
Qazlal
Ru
Sif Muna
Trog
Uskayaw
Vehumet
Wu Jian
Xom
Yredelemnul
Zin
The Shining One

Shops:
D:14 !   Orc:1 *   Orc:2 =%%:

Portals:
Trove: D:11 (give 3 potions of resistance)

Annotations:
Lair:2 exclusion: oklob plant
Snake:2 Aizul


Innate Abilities, Weirdness & Mutations

Your flesh is heat resistant. (rF+)


Message History

* * * LOW HITPOINT WARNING * * *
Aizul casts a spell at you. The poison arrow hits you!!
You are more poisoned.
You partially resist.
* * * LOW HITPOINT WARNING * * *
The black mamba bites you.
* * * LOW HITPOINT WARNING * * *
You feel better.
The black mamba bites you but does no damage.
You block Aizul's attack.
Okay, then.
You feel much better. The black mamba completely misses you.
Aizul casts a spell at you. The bolt of poison hits you!
You are poisoned.
You resist.
* * * LOW HITPOINT WARNING * * *
You block the black mamba's attack. Aizul hits you!
You die...

. #....... .. #......
.$. ..... .... #...
.#... #..# ++######
......#..# ........
.........###......
......#.S'....# .#...
#.S@....# ....
#..###'## ...
#+###)..# .. ..##....#
. ..+....+ .. ###
..+....# ..
##'#####.#....#
'###+###......#.##'''#
.......'......#.##...+


You could see Aizul and a black mamba.

Vanquished Creatures
  Rupert (D:12)
  Asterion (Lair:3)
  2 acid blobs (Slime:1)
  A thorn hunter (Swamp:1)
  Frances (Swamp:2)
  An azure jelly (Slime:1)
  A frost giant (IceCv)
  Louise (Swamp:1)
  The ghost of CanOfBees the Fighter, a journeyman DrCj of Sif Muna (Lair:6)
  The ghost of Dittersdorf the Fighter, a journeyman MfFi of Okawaru (Orc:2)
  The ghost of Skitler the Blocker, a journeyman GnFi of the Shining One (Orc:2)
  A very ugly thing (Swamp:2)
  The ghost of Laraso the Impaler, a journeyman DsCK of Xom (Orc:2)
  Nessos (D:13)
  A dire elephant (D:15)
  The ghost of Vid Maa the Basher, a journeyman MiBe of Trog (Lair:4)
  The ghost of Ceann the Eclecticist, a journeyman DEIE of Vehumet (Orc:2)
  A great orb of eyes (D:15)
  An ice dragon (D:15)
  17 hydras
  A ghost crab (Swamp:3)
  2 naga warriors (Snake:1)
  A catoblepas (Lair:6)
  3 shambling mangroves
  2 centaur warriors
  3 anacondas
  An ogre mage (D:15)
  2 dancing weapons (D:14)
  2 death yaks (IceCv)
  13 two-headed ogres
  6 alligators
  A tengu warrior (D:15)
  5 orc high priests (Orc:2)
  Urug (D:10)
  2 naga sharpshooters (Snake:1)
  5 shock serpents
  Nergalle (D:11)
  Sonja (Lair:2)
  A salamander mystic (Snake:2)
  3 skeletal warriors (D:13)
  The ghost of cappycap the Ruffian, a novice TrMo (D:4)
  2 wizards (D:14)
  A naga ritualist (Snake:2)
  4 swamp dragons
  4 orange crystal statues (Orc:1)
  5 unseen horrors
  2 lindwurms (Lair:4)
  An oklob plant (Snake:1)
  A deep elf mage (D:9)
  17 ugly things
  4 orc knights
  4 mana vipers
  4 orc sorcerers
  4 cyclopes
  A moth of wrath (Lair:4)
  2 manticores
  A salamander (Snake:1)
  12 elephants
  An ice statue (IceCv)
  2 naga magi
  16 black mambas
  Maggie (D:8)
  A gargoyle (D:15)
  34 spiny frogs
  An efreet (D:13)
  3 komodo dragons
  2 kobold demonologists (D:14)
  3 rime drakes
  10 polar bears
  A hornet (shapeshifter) (D:14)
  13 hornets
  4 bog bodies
  9 tyrant leeches
  6 trolls
  7 hippogriffs
  A dream sheep (Lair:6)
  29 blink frogs
  43 slime creatures
  3 spriggans
  2 shadows
  A wraith (D:12)
  3 wyverns
  2 basilisks
  40 yaks
  11 golden eyes (Slime:1)
  18 vampire mosquitoes
  A hungry ghost (D:13)
  3 wargs
  11 insubstantial wisps
  14 swamp worms
  2 acid dragons
  16 nagas
  10 water moccasins
  Duvessa (D:5)
  2 soldier ants
  16 porcupines
  3 ice beasts
  33 orc warriors
  8 phantoms
  A necrophage (D:7)
  2 swamp drakes
  4 sky beasts
  2 black bears
  5 boggarts (D:14)
  An eye of draining (shapeshifter) (D:15)
  3 centaurs
  8 ogres
  33 wolves
  3 big kobolds
  14 crocodiles
  30 bullfrogs
  A gnoll sergeant (D:12)
  A wyvern skeleton (D:9)
  Dowan (D:5)
  5 scorpions
  23 killer bees
  7 wights
  A vampire bat (Orc:2)
  6 electric eels
  A howler monkey (D:6)
  4 centaur zombies
  4 crimson imps
  2 bullfrog zombies
  7 centaur skeletons
  9 jellies
  35 orc priests
  4 hounds
  4 bullfrog skeletons
  A wyvern simulacrum (D:14)
  Jessica (D:2)
  An iguana (D:14)
  25 orc wizards
  6 hell rats (Lair:6)
  10 worker ants
  A killer bee zombie (D:8)
  A hound zombie (D:6)
  3 hound skeletons
  2 worker ant zombies
  8 gnolls
  13 adders
  2 shadow imps
  2 adder skeletons
  3 worms
  2 dart slugs
  2 leopard geckos
  108 orcs
  3 giant cockroaches
  10 goblins
  4 hobgoblins
  13 jackals
  16 kobolds
  2 quokkas
  A ball python (D:2)
  16 bats
  6 frilled lizards
  A leopard gecko zombie (D:6)
  A quokka zombie (D:5)
  5 rats
  A fungus (Lair:6)
  A plant (Snake:1)
1042 creatures vanquished.

Vanquished Creatures (collateral kills)
  An orc warrior (Orc:2)
  3 orc priests (Orc:2)
  5 orcs (Orc:2)
9 creatures vanquished.

Vanquished Creatures (others)
  An orc warrior (Orc:2)
  A slime creature (Slime:1)
  3 yaks (IceCv)
  A necrophage (D:10)
  A wolf (IceCv)
  An orc (Orc:2)
  18 fungi
  53 plants
  2 withered plants (Orc:2)
81 creatures vanquished.

Grand Total: 1132 creatures vanquished

Notes
Turn   | Place    | Note
-------+----------+-------------------------------------------
     0 | D:1      | relicbr the Deep Elf Earth Elementalist began the quest for
                  | the Orb.
     0 | D:1      | Reached XP level 1. HP: 10/10 MP: 6/6
   400 | D:1      | Reached XP level 2. HP: 15/15 MP: 5/8
   983 | D:2      | Noticed Jessica
   986 | D:2      | Killed Jessica
   986 | D:2      | Reached XP level 3. HP: 19/19 MP: 5/9
  1056 | D:2      | Reached skill level 5 in Earth Magic
  1222 | D:2      | Found a faded altar of an unknown god.
  1332 | D:2      | Learned a level 3 spell: Stone Arrow
  1828 | D:3      | Reached XP level 4. HP: 21/24 MP: 10/10
  2412 | D:3      | Reached XP level 5. HP: 28/28 MP: 11/11
  2962 | D:4      | Noticed an ogre
  2965 | D:4      | Killed an ogre
  3094 | D:4      | Found a shadowy altar of Dithmenos.
  3113 | D:4      | Reached XP level 6. HP: 31/32 MP: 12/12
  3263 | D:4      | Found a staircase to the Ecumenical Temple.
  3344 | Temple   | Entered the Ecumenical Temple
  3976 | D:4      | Found a runed translucent gate.
  3977 | D:4      | Found a runed translucent gate.
  3982 | D:4      | Found a runed translucent gate.
  3985 | D:4      | Noticed cappycap's ghost (novice TrMo)
  4131 | D:5      | Entered Level 5 of the Dungeon
  4236 | D:5      | Noticed Dowan
  4237 | D:5      | Noticed Duvessa
  4253 | D:5      | Killed Duvessa
  4253 | D:5      | Reached skill level 1 in Conjurations
  4255 | D:5      | Killed Dowan
  4255 | D:5      | Reached skill level 5 in Spellcasting
  4255 | D:5      | Reached XP level 7. HP: 21/36 MP: 6/16
  4423 | D:5      | Reached skill level 2 in Conjurations
  4798 | D:5      | Reached skill level 3 in Conjurations
  4909 | D:5      | Reached XP level 8. HP: 33/41 MP: 22/22
  5319 | D:6      | Learned a level 5 spell: Lee's Rapid Deconstruction
  5428 | D:6      | Reached skill level 4 in Conjurations
  5600 | D:6      | Reached skill level 10 in Spellcasting
  5719 | D:6      | Reached skill level 5 in Conjurations
  5988 | D:6      | Reached XP level 9. HP: 44/45 MP: 25/25
  6483 | D:7      | Reached skill level 6 in Conjurations
  6568 | D:7      | Found a hide-covered altar of Uskayaw.
  6569 | D:7      | Found a radiant altar of Vehumet.
  6574 | D:7      | Found a white marble altar of Elyvilon.
  6579 | D:7      | Became a worshipper of Vehumet
  6581 | D:7      | Reached skill level 1 in Shields
  7186 | D:7      | Reached skill level 10 in Earth Magic
  7481 | D:7      | Reached skill level 7 in Conjurations
  7785 | D:7      | Learned a level 1 spell: Summon Butterflies
  7924 | D:8      | Reached skill level 8 in Conjurations
  8140 | D:8      | Found a staircase to the Lair.
  8163 | D:8      | Noticed a two-headed ogre
  8211 | D:8      | Killed a two-headed ogre
  8211 | D:8      | Reached skill level 9 in Conjurations
  8211 | D:8      | Reached XP level 10. HP: 26/50 MP: 23/26
  8465 | D:8      | Reached * piety under Vehumet
  8465 | D:8      | Offered knowledge of Foxfire by Vehumet.
  8779 | D:8      | Noticed Maggie
  8784 | D:8      | Killed Maggie
  8784 | D:8      | Reached skill level 10 in Conjurations
  9516 | D:8      | Found a shimmering blue altar of Sif Muna.
  9727 | D:9      | Noticed a deep elf mage
  9737 | D:9      | Killed a deep elf mage
  9737 | D:9      | Reached ** piety under Vehumet
  9737 | D:9      | Offered knowledge of Freeze by Vehumet.
  9957 | D:9      | Reached skill level 5 in Dodging
 10284 | D:9      | Offered knowledge of Ignite Poison by Vehumet.
 10298 | D:9      | Reached *** piety under Vehumet
 10672 | D:10     | Entered Level 10 of the Dungeon
 10796 | D:10     | Reached XP level 11. HP: 54/54 MP: 18/27
 11123 | D:10     | Killed an unseen horror
 11159 | D:10     | Offered knowledge of Sticky Flame by Vehumet.
 11505 | D:10     | Found a staircase to the Orcish Mines.
 11584 | D:10     | Noticed Urug
 11628 | D:10     | Killed Urug
 11886 | D:10     | Noticed a two-headed ogre
 11892 | D:10     | Killed a two-headed ogre
 11892 | D:10     | Reached **** piety under Vehumet
 11892 | D:10     | Reached skill level 10 in Dodging
 11972 | D:10     | Noticed a white ugly thing
 11990 | D:10     | Killed a white ugly thing
 12260 | D:11     | Reached skill level 11 in Conjurations
 12378 | D:11     | Offered knowledge of Conjure Flame by Vehumet.
 12594 | D:11     | Noticed a two-headed ogre
 12600 | D:11     | Killed a two-headed ogre
 12600 | D:11     | Reached skill level 12 in Conjurations
 12722 | D:11     | Found a portal to a secret trove of treasure.
 12985 | D:11     | Noticed a purple ugly thing
 12987 | D:11     | Noticed a cyan ugly thing
 12994 | D:11     | Killed a purple ugly thing
 12997 | D:11     | Killed a cyan ugly thing
 12997 | D:11     | Reached skill level 13 in Conjurations
 13347 | D:11     | Noticed Nergalle
 13353 | D:11     | Killed Nergalle
 13353 | D:11     | Reached XP level 12. HP: 59/59 MP: 25/28
 13538 | Lair:1   | Entered Level 1 of the Lair of Beasts
 13674 | Lair:1   | Noticed an eight-headed hydra
 13692 | Lair:1   | Killed an eight-headed hydra
 13897 | Lair:1   | Reached ***** piety under Vehumet
 13899 | Lair:1   | Reached skill level 14 in Conjurations
 14185 | Lair:1   | Offered knowledge of Starburst by Vehumet.
 14202 | Lair:1   | Learned a level 6 spell: Starburst
 14271 | Lair:1   | Reached skill level 1 in Fire Magic
 14998 | Lair:2   | Noticed a seven-headed hydra
 15004 | Lair:2   | Killed a seven-headed hydra
 15091 | Lair:2   | Noticed Sonja
 15095 | Lair:2   | Killed Sonja
 15095 | Lair:2   | Reached skill level 5 in Fire Magic
 15635 | Lair:2   | Found a blossoming altar of Fedhas.
 16570 | Lair:3   | Found a staircase to the Snake Pit.
 16718 | Lair:3   | Found a staircase to the Swamp.
 17328 | Lair:4   | Reached XP level 13. HP: 63/63 MP: 21/29
 17563 | Lair:4   | Reached skill level 10 in Fire Magic
 17787 | Lair:4   | Got a wavering jade amulet
 18095 | Lair:4   | Found a transporter.
 18115 | Lair:4   | Noticed Vid Maa's ghost (journeyman MiBe)
 18183 | Lair:4   | Found a transporter.
 18233 | Lair:4   | Reached skill level 15 in Conjurations
 18813 | Lair:5   | Found a staircase to the Slime Pits.
 18977 | Lair:5   | Identified the amulet of the Aged Allies {+Rage +Fly rF+
                  | Int+3 Slay-6} (You found it on level 4 of the Lair of
                  | Beasts)
 19452 | Lair:6   | Entered Level 6 of the Lair of Beasts
 19452 | Lair:6   | Found a runed translucent gate.
 19453 | Lair:6   | Noticed CanOfBees's ghost (journeyman DrCj)
 19481 | Lair:6   | Found a frozen archway.
 19485 | IceCv    | Entered an ice cave
 21206 | IceCv    | Noticed a frost giant
 21215 | IceCv    | Killed a frost giant
 21589 | IceCv    | Got a pair of slimy boots
 21591 | IceCv    | Identified the Almanac of Execration
 21604 | IceCv    | Identified the +0 pair of boots "Suiset" {-Cast rPois rF+}
                  | (You found it in an ice cave)
 21751 | Lair:6   | Reached skill level 15 in Spellcasting
 21838 | Lair:6   | Reached XP level 14. HP: 68/68 MP: 24/35
 21859 | Lair:6   | Reached skill level 1 in Fighting
 22026 | Lair:6   | Found a runed translucent gate.
 22634 | Lair:5   | Reached skill level 5 in Fighting
 22782 | Lair:6   | Found a runed translucent gate.
 24300 | Orc:1    | Entered Level 1 of the Orcish Mines
 24312 | Orc:1    | Found a runed translucent door.
 24446 | Orc:1    | Found the +10 tower shield of Ignorance {rN+ Int-4}
 24642 | Orc:1    | Found a runed translucent door.
 25278 | Orc:1    | Reached skill level 16 in Conjurations
 25596 | Orc:2    | Entered Level 2 of the Orcish Mines
 26095 | Orc:1    | Found Xoangur's Assorted Antiques.
 26111 | Orc:1    | Bought a glowing buckler for 202 gold pieces
 26111 | Orc:1    | Bought a pair of glowing gloves for 202 gold pieces
 26111 | Orc:1    | Bought a potion of curing for 81 gold pieces
 26247 | Orc:2    | Found a runed translucent gate.
 26247 | Orc:2    | Found a runed translucent gate.
 26247 | Orc:2    | Found a runed translucent gate.
 26249 | Orc:2    | Noticed Ceann's ghost (journeyman DEIE)
 26254 | Orc:2    | Noticed Laraso's ghost (journeyman DsCK)
 26254 | Orc:2    | Noticed Skitler's ghost (journeyman GnFi)
 26254 | Orc:2    | Noticed Dittersdorf's ghost (journeyman MfFi)
 26259 | Orc:2    | Found a staircase to the Elven Halls.
 26570 | Orc:2    | Offered knowledge of Iron Shot by Vehumet.
 26582 | Orc:1    | Learned a level 6 spell: Iron Shot
 27571 | Orc:2    | Reached skill level 17 in Conjurations
 27922 | Orc:2    | Found Zingucui's Food Emporium.
 27925 | Orc:2    | Found Duklaul's Food Shoppe.
 27926 | Orc:2    | Found Wyimaor's Jewellery Emporium.
 27927 | Orc:2    | Found Tahyudgh's Book Emporium.
 27933 | Orc:2    | Bought a book of Fire for 910 gold pieces
 27939 | Orc:2    | Learned a level 5 spell: Fireball
 27948 | Orc:2    | Learned a level 8 spell: Ignition
 28346 | Orc:2    | Killed Laraso's ghost
 28346 | Orc:2    | Reached XP level 15. HP: 84/84 MP: 11/36
 28473 | Orc:2    | Killed Skitler's ghost
 28517 | Orc:2    | Killed Ceann's ghost
 28652 | Orc:2    | Got an iridescent short sword
 28661 | Orc:2    | Got a ripped robe
 28684 | Orc:2    | Identified the cursed +0 robe of Medinonk {rC- Regen+
                  | Dex+3} (You found it on level 2 of the Orcish Mines)
 28695 | Orc:2    | Identified the cursed +3 short sword of Biarest {flame, rC+
                  | Int+2 SInv} (You found it on level 2 of the Orcish Mines)
 28766 | Orc:2    | Killed Dittersdorf's ghost
 29068 | D:12     | Reached skill level 1 in Armour
 29404 | D:12     | Noticed Rupert
 29423 | D:12     | Killed Rupert
 30314 | D:13     | Noticed Nessos
 30324 | D:13     | Killed Nessos
 30670 | D:13     | Offered knowledge of Lightning Bolt by Vehumet.
 30745 | D:13     | Reached ****** piety under Vehumet
 30799 | D:13     | Found a stormy altar of Qazlal.
 32009 | D:14     | Found the +7 captain's cutlass {speed, disarm}
 32374 | D:14     | Found Xafeirinn's Distillery.
 32544 | D:14     | Found a gate to the Vaults.
 32561 | D:14     | Bought a potion of experience for 750 gold pieces
 32561 | D:14     | Reached XP level 16. HP: 88/88 MP: 36/38
 33136 | D:15     | Entered Level 15 of the Dungeon
 33143 | D:15     | Paralysed by a hornet for 3 turns
 33964 | D:15     | Reached XP level 17. HP: 93/93 MP: 30/39
 34461 | D:15     | Reached skill level 15 in Fire Magic
 34685 | D:15     | Found a staircase to the Depths.
 34938 | Swamp:1  | Entered Level 1 of the Swamp
 34941 | Swamp:1  | Offered knowledge of Bolt of Magma by Vehumet.
 35975 | Swamp:1  | Identified the cursed -2 tower shield of Puon {rCorr}
 35975 | Swamp:1  | Noticed Louise
 35983 | Swamp:1  | Killed Louise
 37105 | Swamp:2  | Noticed Frances
 37109 | Swamp:2  | Offered knowledge of Orb of Destruction by Vehumet.
 37111 | Swamp:2  | Gained mutation: Your flesh is heat resistant. (rF+) [a
                  | neqoxec]
 37113 | Swamp:2  | Killed Frances
 38830 | Lair:4   | Reached skill level 18 in Conjurations
 38834 | Lair:4   | Killed Vid Maa's ghost
 38839 | Lair:4   | Got a pair of dazzling gloves
 38943 | Lair:4   | Identified the +2 pair of gloves "Omaoci Ugobo" {rElec
                  | Str+7 Dex-5} (You found it on level 4 of the Lair of
                  | Beasts)
 39127 | D:4      | Killed cappycap's ghost
 39321 | Lair:6   | Killed CanOfBees's ghost
 39505 | Lair:2   | Learned a level 7 spell: Orb of Destruction
 39587 | Slime:1  | Entered Level 1 of the Pits of Slime
 39596 | Slime:1  | Noticed an acid blob
 39599 | Slime:1  | Offered knowledge of Spellforged Servitor by Vehumet.
 39692 | Slime:1  | Noticed an acid blob
 39695 | Slime:1  | Killed an acid blob
 39699 | Slime:1  | Killed an acid blob
 40070 | Snake:1  | Entered Level 1 of the Snake Pit
 40122 | Snake:1  | Reached XP level 18. HP: 98/98 MP: 20/42
 40162 | Snake:1  | Noticed Asterion
 41044 | Lair:3   | Killed Asterion
 42044 | Snake:1  | Found a burning altar of Makhleb.
 42679 | Snake:2  | Reached skill level 19 in Conjurations
 42807 | Snake:2  | Noticed Aizul
 42818 | Snake:2  | HP: 3/98 [black mamba (4)]
 42820 | Snake:2  | Slain by Aizul

Levels and vault maps discovered:
D:1:      wander_arrival_lonely_grave, layout_basic, serial_bayou_pond_a,
          nrook_mini_backslash
D:2:      layout_loops_ring, chequers_ecumenical_altar_island, first_ration,
          uniq_jessica
D:3:      layout_basic
D:4:      layout_loops_ring, nicolae_dithmenos_the_darkroom,
          minmay_temple_entry_glassed_door, ebering_ghost_rock_garden
D:5:      layout_cave_pools, uniq_duvessa
D:6:      layout_loops_ring
D:7:      layout_cave_pods, gammafunk_temple_overflow_forgotten,
          chequers_mini_garden
D:8:      kennysheep_orc_sif_temple, layout_basic, due_lair_maze_entry_diamond,
          uniq_maggie
D:9:      layout_stronghold
D:10:     layout_basic, david_orc_4, the_bakery, uniq_urug
D:11:     layout_loops_ring, nicolae_trove_entry_crossroad, uniq_nergalle
D:12:     layout_cave_pools, uniq_rupert
D:13:     layout_basic, nicolae_two_hexagons, statue_in_the_mist_lemuel,
          grunt_qazlal_sundering, uniq_nessos
D:14:     layout_roguey, erik_vaults_1, minivault_14, serial_shops,
          nicolae_shop_temple_entry_statues_fountains, kennysheep_pointless_box,
          small_chamber_with_monster
D:15:     hangedman_depths_entry_try_elsewhere_first, layout_layer_cave,
          minmay_misc_feat_ornament
Temple:   dpeg_five_rooms_temple
Lair:1:   layout_cave_pods, serial_bayou_lagoon_a
Lair:2:   layout_hall_layers, tgw_fedhas, uniq_sonja
Lair:3:   layout_small_grid, minmay_swamp_entry_worms, dummy_snake_entry,
          lemuel_fruit_tree
Lair:4:   cheibrodos_lair_overgrown_chateau, layout_regular_city,
          gammafunk_ghost_berserking_beasts
Lair:5:   layout_gridlike, minmay_slime_entry_pillars, serial_bayou_pond_e
Lair:6:   minmay_lair_end_frog_pond, layout_long_grid, gammafunk_ghost_split,
          portal_ice_cave_entry_pillars_1, nicolae_quartered_pool_medium
Swamp:1:  layout_basic_swamp, evilmike_swamp_ruin_house_4, uniq_louise
Swamp:2:  layout_basic_swamp, hangedman_swamp_ruin_wall, uniq_frances
Swamp:3:  layout_basic_swamp, evilmike_swamp_ruin_house_2, swamp_pool1
Snake:1:  layout_onion_interference, lemuel_oklob_altar, grunt_megastairs_3,
          uniq_asterion
Snake:2:  layout_gridlike, basic_altar, minmay_shoptagon, uniq_aizul,
          uniq_vashnia
Slime:1:  layout_caves
Orc:1:    layout_diamond_mine, serial_shops, shop,
          chequers_guarded_unrand_ignorance
Orc:2:    st_orc_pillars, layout_diamond_mine, gammafunk_ghost_cemetery,
          roderic_batcave

Skill      XL: |  1  2  3  4  5  6  7  8  9 10 11 12 13 14 15 16 17 18 |
---------------+-------------------------------------------------------+-----
Earth Magic    | 4 5 6 7 8 10 | 10.0
Spellcasting   | 5 8 10 15 16 18 | 18.2
Conjurations   | 1 3 5 9 10 13 14 15 17 18 19 | 19.0
Shields        | 2 4 |  4.2
Dodging        | 7 10 | 10.6
Fire Magic     | 9 10 13 14 16 17 | 17.4
Fighting       | 6 |  6.1
Armour         | 4 |  4.2
Stealth        | |  2.4
Transmutations | |  1.1

Action                   |  1- 3 |  4- 6 |  7- 9 | 10-12 | 13-15 | 16-18 || total
-------------------------+-------+-------+-------+-------+-------+-------++-------
Melee: Unarmed           |     3 |       |       |       |       |       ||     3
       Dagger            |     8 |    27 |    43 |    90 |    66 |       ||   234
       Short sword       |       |       |       |       |    23 |    10 ||    33
Throw: Dart              |       |     8 |    33 |    48 |    72 |       ||   161
       Stone             |       |     1 |       |     1 |       |       ||     2
 Cast: Sandblast         |    35 |    41 |    44 |    60 |   129 |    55 ||   364
       Stone Arrow       |     1 |    10 |   112 |   317 |   584 |   137 ||  1161
       Lee's Rapid Decon |       |       |     3 |    36 |    96 |    11 ||   146
       Summon Butterflie |       |       |     1 |     3 |     4 |     1 ||     9
       Starburst         |       |       |       |     1 |    11 |     1 ||    13
       Iron Shot         |       |       |       |       |    40 |    94 ||   134
       Fireball          |       |       |       |       |    32 |   186 ||   218
       Ignition          |       |       |       |       |       |    20 ||    20
       Orb of Destructio |       |       |       |       |       |     2 ||     2
 Abil: Evoke Flight      |       |       |       |       |     3 |       ||     3
Evoke: Wand              |       |       |     1 |    17 |    32 |       ||    50
       Tin of tremorston |       |       |       |     1 |       |       ||     1
  Use: Scroll            |       |     3 |     6 |    10 |    12 |     6 ||    37
       Potion            |       |       |     1 |     2 |     6 |     2 ||    11
 Stab: Sleeping          |     1 |     1 |     1 |     3 |       |     1 ||     7
       Paralysed         |       |       |     3 |     9 |       |       ||    12
       Distracted        |       |       |       |       |     1 |       ||     1
  Eat: Chunk             |     2 |     9 |    13 |    31 |    40 |    24 ||   119
       Ration            |       |       |       |     1 |     4 |     4 ||     9
Armor: Leather armour    |     3 |    10 |       |       |       |       ||    13
       Robe              |       |     1 |    13 |     2 |       |       ||    16
       Steam dragon scal |       |       |       |    34 |    64 |    55 ||   153
Dodge: Dodged            |    18 |    36 |    61 |   189 |   371 |   171 ||   846
Block: Buckler           |       |       |     5 |    57 |   115 |    57 ||   234

Table legend:
 A = Non-vault XP
 B = Vault XP
 C = Vault XP percentage of total XP
 D = Non-vault monster count
 E = Vault monster count
 F = Vault count percentage of total count
                 A         B        C        D         E       F
            +---------+---------+-------+---------+---------+-------
      Total |  176503 |   80411 |  31.3 |     794 |     257 |  24.5
            +---------+---------+-------+---------+---------+-------
        D:1 |      21 |       0 |   0.0 |      12 |       0 |   0.0
        D:2 |      24 |      37 |  60.7 |      15 |       1 |   6.2
        D:3 |     130 |       0 |   0.0 |      21 |       0 |   0.0
        D:4 |     302 |     709 |  70.1 |      11 |       1 |   8.3
        D:5 |     801 |     223 |  21.8 |      14 |       2 |  12.5
        D:6 |    1277 |       0 |   0.0 |      44 |       0 |   0.0
        D:7 |    1654 |       0 |   0.0 |      37 |       0 |   0.0
        D:8 |    1743 |    1524 |  46.6 |      24 |      10 |  29.4
        D:9 |    3018 |       0 |   0.0 |      39 |       0 |   0.0
       D:10 |    3183 |    1670 |  34.4 |      20 |      18 |  47.4
       D:11 |    6203 |     808 |  11.5 |      43 |       1 |   2.3
       D:12 |    3955 |    2989 |  43.0 |      27 |       1 |   3.6
       D:13 |    8292 |    1334 |  13.9 |      37 |       1 |   2.6
       D:14 |   17411 |    2334 |  11.8 |      55 |       3 |   5.2
       D:15 |   15451 |    3026 |  16.4 |      30 |       4 |  11.8
     Lair:1 |    5757 |       0 |   0.0 |      27 |       0 |   0.0
     Lair:2 |    6629 |     795 |  10.7 |      24 |       1 |   4.0
     Lair:3 |    1712 |    3204 |  65.2 |       4 |       4 |  50.0
     Lair:4 |    4700 |    8416 |  64.2 |      18 |      22 |  55.0
     Lair:5 |    2408 |    1062 |  30.6 |       8 |       5 |  38.5
     Lair:6 |    9460 |   17764 |  65.3 |      31 |      56 |  64.4
    Swamp:1 |   11486 |    1686 |  12.8 |      27 |       1 |   3.6
    Swamp:2 |   11038 |    2189 |  16.5 |      25 |       1 |   3.8
    Swamp:3 |   15287 |       0 |   0.0 |      49 |       0 |   0.0
    Snake:1 |   14405 |    2177 |  13.1 |      30 |       3 |   9.1
    Snake:2 |    6789 |       0 |   0.0 |      17 |       0 |   0.0
    Slime:1 |   15223 |       0 |   0.0 |      37 |       0 |   0.0
      Orc:1 |    4070 |    2689 |  39.8 |      44 |       5 |  10.2
      Orc:2 |    4074 |   14254 |  77.8 |      24 |      69 |  74.2
      IceCv |       0 |   11521 | 100.0 |       0 |      48 | 100.0
            +---------+---------+-------+---------+---------+-------
